Map: Odyssey LE

Players

TRUE

  • Race: Zerg Zerg
  • Spawn Location: 11:00

Probe - Winner!

  • Race: Protoss Protoss
  • Spawn Location: 5:00

Event: WCS Valencia 2017

VOD

Have the link to the VOD?

Description

Time

  • Played on: July 13, 2017, 1:50 p.m.
  • Length: 12:25

All games in this series

Show
View Real Time Build Order
Export as new Build Order

TRUE Zerg 

Build Orders: Hatch First 

Get SALT Encoding   

  12  0:00  Drone  
  13  0:12  Overlord  
  13  0:17  Drone  
  14  0:31  Drone x2  
  14  0:34  Drone  
  17  0:52  Hatchery  
  17  0:55  Drone  
  17  1:08  Spawning Pool  
  17  1:10  Extractor  
  15  1:13  Drone  
  15  1:17  Drone  
  17  1:21  Drone  
  18  1:28  Drone  
  19  1:38  Overlord  
  19  1:49  Drone  
  20  1:55  Queen  
  22  2:01  Drone  
  22  2:03  Queen  
  22  2:04  Drone  
  26  2:15  Drone  
  27  2:16  Drone  
  28  2:23  Zergling x2  
  28  2:25  Drone  
  30  2:34  Pneumatized Carapace  
  30  2:38  Hatchery  
  30  2:42  Drone x2  
  31  2:48  Queen  
  33  2:52  Drone  
  33  2:55  Overlord  
  33  2:58  Drone  
  35  3:00  Drone  
  36  3:11  Overlord  
  36  3:14  Drone x4  
  36  3:15  Drone  
  36  3:18  Drone x2  
  43  3:25  Drone  
  44  3:27  Lair  
  44  3:29  Drone  
  45  3:35  Drone x3  
  45  3:37  Drone  
  45  3:38  Drone  
  45  3:40  Extractor  
  49  3:47  Drone  
  51  3:48  Drone  
  51  3:50  Queen, Drone  
  51  3:54  Queen  
  56  3:58  Drone x2  
  56  4:01  Overlord  
  58  4:10  Roach Warren, Overlord  
  58  4:13  Overlord  
  58  4:16  Metabolic Boost  
  57  4:20  Drone x2  
  57  4:21  Drone  
  57  4:23  Extractor, Drone x2  
  61  4:29  Overseer  
  61  4:43  Zergling x18  
  70  4:52  Glial Reconstitution  
  70  4:53  Roach x3  
  70  4:54  Roach  
  70  4:56  Zergling x4, Roach  
  70  4:57  Overlord  
  70  4:59  Overlord  
  82  5:01  Overlord  
  82  5:05  Overlord  
  82  5:08  Overlord  
  82  5:13  Overlord  
  82  5:16  Overlord  
  82  5:29  Evolution Chamber  
  82  5:30  Zergling x2  
  82  5:31  Zergling x18  
  82  5:33  Zergling x2  
  82  5:34  Zergling x2  
  90  5:43  Zergling x2  
  90  5:44  Zergling x2  
  90  5:45  Zergling x8  
  90  5:47  Queen  
  92  5:54  Zergling x2  
  92  5:55  Zerg Melee Weapons Level 1  
  92  5:56  Zergling x2  
  88  5:58  Zergling x4  
  88  6:00  Zergling x4  
  88  6:01  Zergling x2  
  88  6:02  Zergling x4  
  93  6:05  Ravager  
  93  6:06  Zergling x2  
  93  6:08  Ravager  
  95  6:17  Queen  
  95  6:22  Drone  
  95  6:23  Drone x5  
  95  6:24  Drone  
  101  6:35  Ravager  
  97  6:40  Zergling x8, Spire  
  97  6:42  Zergling x2  
  97  6:46  Zergling x2  
  99  6:50  Zergling x2  
  99  6:51  Zergling x2  
  99  6:52  Zergling x4  
  99  6:53  Zergling x2  
  104  6:54  Extractor  
  104  6:55  Extractor  
  104  6:56  Zergling x2  
  104  6:57  Zergling x2  
  104  6:58  Zergling x2  
  104  7:00  Zergling x2  
  107  7:01  Zergling x4  
  107  7:02  Zergling x2  
  107  7:04  Zergling x2  
  110  7:13  Zergling x4  
  110  7:15  Zergling x2  
  104  7:19  Zergling x2  
  104  7:22  Zergling x6  
  100  7:27  Zergling x2  
  95  7:33  Zergling x2  
  95  7:36  Zergling x2  
  90  7:39  Overlord  
  90  7:53  Mutalisk x2  
  90  7:54  Mutalisk x5  
  90  7:55  Zergling x2  
  90  7:56  Zergling x2  
  90  7:58  Zergling x4  
  99  7:59  Zergling x2  
  99  8:05  Mutalisk  
  84  8:07  Zergling x6  
  84  8:09  Zergling x2  
  84  8:10  Zergling x2  
  86  8:12  Zergling x2  
  86  8:13  Zergling x4  
  86  8:18  Zergling x2  
  74  8:20  Zergling x2  
  74  8:21  Zergling x2  
  74  8:25  Zergling x2  
  70  8:27  Zergling x4  
  70  8:28  Zergling x2  
  70  8:29  Zergling x2  
  70  8:32  Zergling x2  
  73  8:39  Zergling x2  
  73  8:41  Zergling x4  
  72  8:49  Zergling x2  
  72  8:50  Queen, Zergling x2  
  72  8:52  Zergling x2  
  69  8:58  Queen  
  69  9:01  Zergling x2  
  72  9:04  Zergling x2  
  72  9:05  Zergling x2  
  74  9:11  Zergling x2  
  74  9:12  Zergling x2  
  74  9:15  Zergling x2  
  77  9:21  Zergling x2  
  77  9:22  Zergling x2  
  79  9:24  Zergling x2  
  79  9:34  Zergling x2  
  79  9:35  Zergling x2  
  79  9:36  Zergling x2  
  76  9:44  Hydralisk Den  
  76  9:45  Zerg Missile Weapons Level 1  
  70  9:49  Queen x2  
  74  9:53  Drone  
  74  9:54  Drone x3  
  78  10:13  Hydralisk x5, Muscular Augments  
  78  10:14  Hydralisk x2  
  78  10:16  Hydralisk  
  78  10:19  Hydralisk  
  93  10:23  Hydralisk  
  93  10:26  Hydralisk  
  96  10:30  Hydralisk  
  96  10:33  Hydralisk  
  95  10:36  Hydralisk  
  95  10:40  Hydralisk  
  92  10:45  Hydralisk  
  92  10:47  Hydralisk  
  95  10:52  Hydralisk  
  97  11:04  Overlord x3  
  96  11:20  Overlord  
  96  11:24  Hydralisk  
  88  11:27  Hydralisk x4  
  88  11:28  Hydralisk  
  92  11:33  Hydralisk  
  94  11:41  Hydralisk  
  94  11:45  Hydralisk  
  97  11:52  Evolution Chamber  
  96  12:00  Hydralisk  
Show
View Real Time Build Order
Export as new Build Order

Probe Protoss - Winner!

Build Orders: 1 Gate Expand, Zealot Archon 

Get SALT Encoding   

  12  0:00  Probe (Chrono Boost)  
  13  0:11  Probe (Chrono Boost)  
  14  0:18  Pylon  
  14  0:22  Probe (Chrono Boost)  
  15  0:36  Probe (Chrono Boost)  
  15  0:40  Gateway  
  16  0:44  Assimilator  
  16  0:47  Probe (Chrono Boost)  
  17  0:57  Probe (Chrono Boost)  
  18  1:08  Probe (Chrono Boost)  
  19  1:20  Nexus  
  19  1:23  Probe (Chrono Boost)  
  20  1:34  Cybernetics Core  
  20  1:36  Probe (Chrono Boost)  
  21  1:43  Assimilator  
  21  1:47  Probe (Chrono Boost)  
  22  1:51  Pylon  
  22  1:57  Probe (Chrono Boost)  
  23  2:09  Probe (Chrono Boost)  
  23  2:11  Warp Gate  
  23  2:13  Adept (Chrono Boost)  
  26  2:20  Probe  
  27  2:29  Mothership Core  
  27  2:33  Probe  
  27  2:36  Stalker (Chrono Boost)  
  32  2:45  Probe  
  32  2:49  Probe  
  34  2:51  Robotics Facility  
  34  2:57  Probe  
  35  2:59  Probe  
  36  3:09  Probe (Chrono Boost)  
  36  3:10  Probe (Chrono Boost)  
  38  3:14  Twilight Council  
  38  3:21  Probe (Chrono Boost)  
  38  3:22  Probe (Chrono Boost)  
  40  3:27  Gateway  
  40  3:32  Probe (Chrono Boost)  
  41  3:36  Probe (Chrono Boost), Immortal (Chrono Boost)  
  46  3:42  Pylon  
  46  3:44  Pylon  
  46  3:50  Charge (Chrono Boost)  
  46  4:00  Probe x2  
  46  4:02  Gateway x2  
  48  4:08  Warp Prism  
  48  4:12  Probe x2  
  52  4:22  Assimilator  
  52  4:23  Zealot, Assimilator  
  54  4:24  Zealot  
  54  4:27  Probe  
  54  4:28  Probe  
  58  4:32  Pylon  
  58  4:39  Warp Prism  
  58  4:40  Probe  
  58  4:41  Probe  
  62  4:52  Probe, Templar Archives  
  63  4:53  Probe  
  63  4:57  Pylon  
  64  5:08  Zealot x3  
  70  5:15  Probe x2  
  70  5:18  Pylon  
  72  5:25  Nexus  
  72  5:41  High Templar x4  
  72  5:42  Probe  
  81  5:45  Archon x2  
  81  5:47  Pylon  
  79  5:54  Probe  
  73  6:08  Probe  
  74  6:20  Gateway  
  74  6:22  Probe  
  74  6:24  Nexus  
  74  6:25  Forge, Gateway  
  75  6:26  Pylon, Probe  
  75  6:27  Gateway  
  75  6:29  Zealot, Pylon  
  75  6:31  Pylon  
  78  6:44  Probe  
  78  6:46  High Templar  
  78  6:47  High Templar x2  
  83  6:48  Pylon  
  83  6:50  Pylon  
  83  6:51  Pylon, High Templar, Archon  
  83  6:52  Pylon  
  87  6:55  Probe  
  87  6:56  Probe  
  87  6:58  Pylon  
  87  7:00  Archon  
  89  7:09  Protoss Ground Weapons Level 1 (Chrono Boost)  
  83  7:19  Zealot x5  
  87  7:27  Probe  
  84  7:32  Probe  
  84  7:34  Probe  
  82  7:42  Probe  
  82  7:43  Pylon, Immortal  
  83  7:44  Probe  
  83  7:45  Zealot x6  
  83  7:46  Zealot  
  102  7:52  Probe  
  102  7:56  Probe  
  105  8:06  Zealot x4  
  105  8:07  Zealot  
  104  8:15  Stargate  
  104  8:17  Stargate  
  98  8:30  Stalker  
  98  8:32  Zealot x6  
  86  8:42  Stargate  
  72  9:00  Phoenix (Chrono Boost)  
  72  9:02  Phoenix (Chrono Boost)  
  72  9:06  Nexus  
  72  9:08  Pylon, High Templar x2  
  72  9:09  High Templar x2  
  78  9:15  Archon x2  
  78  9:19  Zealot x2, Pylon  
  78  9:20  Zealot  
  78  9:23  Phoenix (Chrono Boost)  
  86  9:31  Phoenix (Chrono Boost)  
  87  9:35  Phoenix (Chrono Boost)  
  87  9:36  Probe  
  89  9:40  Probe  
  89  9:44  Phoenix (Chrono Boost)  
  86  9:47  Probe  
  86  9:49  Probe  
  86  9:52  Probe  
  91  9:54  Photon Cannon  
  91  9:55  Phoenix (Chrono Boost)  
  91  9:58  Adept  
  93  10:06  Phoenix (Chrono Boost)  
  97  10:08  Phoenix (Chrono Boost)  
  95  10:14  Probe  
  95  10:20  Phoenix (Chrono Boost)  
  98  10:22  Zealot  
  98  10:25  Zealot, Probe  
  98  10:27  Probe  
  98  10:28  Probe x2  
  98  10:35  Probe  
  101  10:40  Probe  
  101  10:41  Phoenix (Chrono Boost)  
  107  10:42  Phoenix (Chrono Boost)  
  107  10:45  Phoenix (Chrono Boost)  
  109  10:56  Zealot x5  
  116  11:04  Probe  
  116  11:06  Phoenix (Chrono Boost)  
  116  11:09  Phoenix (Chrono Boost)  
  116  11:10  Phoenix (Chrono Boost)  
  123  11:14  Probe x2  
  123  11:16  Probe x2  
  123  11:25  Probe x2, Assimilator  
  121  11:26  Assimilator  
  121  11:28  Probe x2  
  121  11:29  Sentry x2  
  128  11:36  Probe x2  
  130  11:40  Probe  
  130  11:41  Immortal  
  123  12:05  Zealot  
  123  12:06  Zealot x6  
  123  12:07  Probe  
Tags
 
Add a new tag
Caveats
  • Supply blocks, unpowered buildings, or Contaminate may cause inaccurate times.
  • Supply counts are checked every 10 seconds.